 Dungeon Crawl Stone Soup version 0.16.0-8-gd9ae3a8 (webtiles) character file.

301 Sorcv the Covert (level 6, 0/32 HPs)
             Began as a Kobold Enchanter on Mar 16, 2015.
             Slain by an ogre
             ... wielding a +0 giant club
              (25 damage)
             ... on level 4 of the Dungeon.
             The game lasted 00:10:08 (1366 turns).

Sorcv the Covert (Kobold Enchanter)                 Turns: 1366, Time: 00:10:08

Health: 0/32       AC:  3    Str:  6    XL:     6   Next: 64%
Magic:  0/10       EV: 15    Int: 13    God:
Gold:   98         SH:  0    Dex: 19    Spells: 3 memorised, 3 levels left

rFire  . . .     SeeInvis .     a - +1 dagger
rCold  . . .     Clarity  .     b - +1 robe
rNeg   . . .     SustAb   .     (no shield)
rPois  .         Gourm    .     (no helmet)
rElec  .         Spirit   .     (no cloak)
rCorr  .         Warding  .     (no gloves)
rMut   .         Stasis   .     (no boots)
MR     +....                    (no amulet)
Stlth  +++++.....               (no ring)
                                p - ring of protection from magic

@: somewhat resistant to hostile enchantments, quite stealthy
A: carnivore 3
a: no special abilities


You were on level 4 of the Dungeon.
You were very full.

You visited 1 branch of the dungeon, and saw 4 of its levels.

You collected 98 gold pieces.

Inventory:

Hand weapons
 a - a +1 dagger (weapon)
Armour
 b - a +1 robe (worn)
 n - a +0 buckler
Jewellery
 p - a ring of protection from magic (left hand)
Magical devices
 t - a wand of polymorph (6)
Scrolls
 e - a scroll of identify
 g - a scroll of immolation
 o - a scroll of enchant weapon {unknown}
 q - a scroll of fog {unknown}
 s - a scroll of remove curse {unknown}
Potions
 h - a potion of heal wounds
 i - 2 potions of cure mutation
 j - a potion of might {unknown}
 r - a potion of flight
Books
 c - a book of Maledictions

   Spells                             Type                      Level
   a - Corona                         Hexes                        1
   b - Sure Blade                     Hexes/Charms                 2
   c - Ensorcelled Hibernation        Hexes/Ice                    2
   d - Confuse                        Hexes                        3
   e - Dazzling Spray                 Conjuration/Hexes            3
   f - Enslavement                    Hexes                        4
Comestibles
 d - 3 meat rations
 f - 2 slices of pizza


   Skills:
 - Level 1.3 Short Blades
 - Level 2.4 Dodging
 * Level 8.6 Stealth
 - Level 2.0 Spellcasting
 + Level 4.1 Hexes
 - Level 1.1 Ice Magic


You had 3 spell levels left.
You knew the following spells:

 Your Spells              Type           Power        Failure   Level  Hunger
a - Corona                Hex            ##.....      6%          1    ##.....
b - Ensorcelled Hibernat  Hex/Ice        #.....       14%         2    ###....
c - Confuse               Hex            ##......     14%         3    ####...


Dungeon Overview and Level Annotations

Branches:
Dungeon (4/15)
 Temple: D:4-7

Altars:
Kikubaaqudgha
Nemelex Xobeh

Annotations:
D:3 Terence


Innate Abilities, Weirdness & Mutations

You are small and have problems with some larger weapons.
You are carnivorous and can eat meat at any time.


Message History

The ogre resists with some effort.
Casting: Ensorcelled Hibernation
Confirm with . or Enter, or press ? or * to list all spells.
Aiming: Ensorcelled Hibernation
Press: ? - help, Shift-Dir - straight line, f/p - ogre
Aim: an ogre, wielding a giant club (chance 39%)
The ogre resists with some effort.
Casting: Ensorcelled Hibernation
Confirm with . or Enter, or press ? or * to list all spells.
You don't have enough magic to cast that spell.
Casting: Ensorcelled Hibernation
Confirm with . or Enter, or press ? or * to list all spells.
Aiming: Ensorcelled Hibernation
Press: ? - help, Shift-Dir - straight line, f/p - ogre
Aim: an ogre, wielding a giant club (chance 39%)
The ogre resists with some effort.
A hobgoblin comes into view.
The ogre hits you with a giant club!!
Ouch! That really hurt!
You die...

,**###..#* #......####
,,*#.....# ##.........########*
*,,......## #..#..#.##.........#
**.....#.)###.###.#.##.........#
**,*...#......###÷#.##.........#
*,,,,#.#.......##.#.##.........#
,,,**#..........#>#.##.........#
...####..g.###....#.##..)......#
................@O.....#########
#..#####..####.#........## ,..*
##.## #.#.........# *#.## #)(#
#...........# ##..# #)##
##.†........# .##.###.#
#..........# .....)..#
##.........# ..#.#####
#.........# #...# ##.......***


You could see an ogre and a hobgoblin (wandering).

Vanquished Creatures
  Blork the orc (D:4)
  A scorpion (D:4)
  A hound (D:4)
  A worker ant (D:4)
  2 adders (D:3)
  A gnoll (D:3)
  A worm (D:3)
  A giant mite (D:3)
  2 giant geckos
  An ooze (D:3)
  7 orcs
  5 bats
  4 goblins
  13 hobgoblins
  14 jackals
  2 ball pythons (D:3)
  3 giant cockroaches
  3 giant newts
  A jackal skeleton (D:4)
  7 kobolds
  A quokka (D:2)
  6 rats
78 creatures vanquished.

Notes
Turn   | Place    | Note
--------------------------------------------------------------
     0 | D:1      | Sorcv, the Kobold Enchanter, began the quest for the Orb.
     0 | D:1      | Reached XP level 1. HP: 10/10 MP: 3/3
    31 | D:1      | Reached XP level 2. HP: 13/15 MP: 1/4
    35 | D:1      | Learned a level 2 spell: Ensorcelled Hibernation
   131 | D:1      | Reached skill level 5 in Stealth
   326 | D:1      | Reached XP level 3. HP: 15/19 MP: 6/6
   538 | D:2      | Found a sparkling altar of Nemelex Xobeh.
   675 | D:3      | Reached skill level 6 in Stealth
   675 | D:3      | Reached skill level 1 in Ice Magic
   675 | D:3      | Reached XP level 4. HP: 24/24 MP: 4/7
   813 | D:3      | Noticed Terence
   909 | D:3      | Learned a level 3 spell: Confuse
   928 | D:3      | Reached XP level 5. HP: 26/28 MP: 9/9
   966 | D:3      | Reached skill level 7 in Stealth
  1221 | D:4      | Found an ancient bone altar of Kikubaaqudgha.
  1277 | D:4      | Noticed Blork the orc
  1279 | D:4      | Killed Blork the orc
  1279 | D:4      | Reached skill level 8 in Stealth
  1279 | D:4      | Reached XP level 6. HP: 19/32 MP: 10/10
  1349 | D:4      | Noticed an ogre
  1366 | D:4      | Slain by an ogre

Action                   |  1- 3 |  4- 6 || total
-------------------------+-------+-------++-------
Melee: Dagger            |    75 |    98 ||   173
 Cast: Corona            |     3 |       ||     3
       Ensorcelled Hiber |     7 |    23 ||    30
       Confuse           |       |     1 ||     1
  Use: Scroll            |       |     5 ||     5
       Potion            |       |     3 ||     3
 Stab: Sleeping          |    12 |    14 ||    26
  Eat: Chunk             |     5 |     6 ||    11
